 Dungeon Crawl Stone Soup version bcrawl-1.21.2-1-g32d02e0829 (webtiles) character file.

Game seed: 2952028996751514998

1535 Mrkan the Cudgeler (level 8, 0/51 HPs)
             Began as a Gargoyle Fighter on Feb 19, 2020.
             Slain by an orc warrior
             ... wielding a +0 long sword
              (6 damage)
             ... on level 6 of the Dungeon.
             The game lasted 00:06:11 (4260 turns).

Mrkan the Cudgeler (Gargoyle Fighter)               Turns: 4260, Time: 00:06:11

Health: 0/51       AC: 14    Str: 21    XL:     8   Next: 86%
Magic:  8/8        EV:  6    Int: 10    God:
Gold:   356        SH: 15    Dex:  9    Spells: 7/7 levels left

rFire    . . .     SeeInvis .   f - +1 whip (elec)
rCold    . . .     Gourm    .   r - +0 large shield
rNeg     + . .     Faith    .   b - +0 scale mail
rPois    ∞         Spirit   .   h - +0 helmet
rElec    +         Reflect  .   (no cloak)
rCorr    .         Harm     .   (no gloves)
MR       .....                  (no boots)
Stlth    ..........             (no amulet)
HPRegen  0.17/turn              (no ring)
MPRegen  0.11/turn              (no ring)

@: no status effects
A: negative energy resistance 1, electricity resistance, unbreathing,
petrification resistance, rot immunity, AC +5
a: no special abilities


You were on level 6 of the Dungeon.
You were not hungry.

You visited 1 branch of the dungeon, and saw 6 of its levels.

You collected 356 gold pieces.

Inventory:

Hand Weapons
 f - a +1 whip of electrocution (weapon)
Armour
 b - a +0 scale mail (worn)
 h - a +0 helmet (worn)
 r - a +0 large shield (worn)
Jewellery
 t - an uncursed amulet of guardian spirit {unknown}
 w - a cursed ring of attention {unknown}
Wands
 s - a wand of flame (19)
 y - a wand of disintegration (13)
 z - a wand of paralysis (12)
Scrolls
 a - 7 scrolls of identify {unknown}
 c - a scroll of enchant weapon {unknown}
 g - a scroll of fog {unknown}
 l - 2 scrolls of fear {unknown}
 m - 2 scrolls of noise {unknown}
 n - 3 scrolls of enchant armour {unknown}
 o - 2 scrolls of remove curse {unknown}
 p - 2 scrolls of blinking {unknown}
 q - a scroll of magic mapping {unknown}
 v - a scroll of teleportation {unknown}
Potions
 d - 2 potions of might
 i - 3 potions of curing {unknown}
 j - 3 potions of degeneration {unknown}
 k - 2 potions of lignification {unknown}
 u - a potion of flight {unknown}
Comestibles
 e - 10 rations {!d}


   Skills:
 + Level 6.1 Fighting
 * Level 7.0 Maces & Flails
 + Level 6.2 Armour
 + Level 6.2 Shields


You had 7 spell levels left.
You didn't know any spells.
Your spell library contained the following spells:

 Spells                   Type           Power        Failure   Level  Hunger
 Apportation              Tloc           #.....       100%        1    ##.....
 Infusion                 Chrm           #.......     100%        1    ##.....
 Sandblast                Erth           #.....       100%        1    ##.....
 Slow                     Hex            #.......     100%        1    ##.....
 Summon Butterflies       Summ           #.......     100%        1    ##.....


Dungeon Overview and Level Annotations

Branches:
Dungeon (6/12)             Temple (0/1) D:5

Altars:
Sif Muna
Trog
Uskayaw

Annotations:
D:3 3 runed translucent doors, Foic's ghost, amateur SDAK


Innate Abilities, Weirdness & Mutations

You are resistant to torment.
Your stone body is resilient. (AC +5)
You are immune to poison.
You resist negative energy. (rN+)
You are resistant to electric shocks. (rElec)
You can survive without breathing.
You are immune to petrification.
You are immune to rotting.


Message History

You hit the hound.
The hound is almost dead.
The hound bites you.
You whack the hound!
You kill the hound!
You hit the orc warrior.
The orc warrior is lightly wounded.
The orc warrior hits you with a +0 long sword!
* * * LOW HITPOINT WARNING * * *
You barely miss the orc warrior.
The orc warrior is lightly wounded.
You block the orc warrior's attack.
You closely miss the orc warrior.
The orc warrior is lightly wounded.
You block the orc warrior's attack.
You hit the orc warrior but do no damage.
Lightning courses through the orc warrior!
The orc warrior is heavily wounded.
The orc warrior hits you with a +0 long sword.
You die...

..................###......#
................### ##....##
...............## #.....$#
..............## #..##....#
....†.........# ##.## #...
......<......## #..# ..
..........##..### ##.## ...
........####....###..# ....
........# #.....@oc..# #..#
.>.....###...#####o..####..#
........#...## ##........#
...........# ##.......##
.##.......## #........# #
###....### ###..##.....#
##.....#######....###.....
###.......................
...<.......[................


You could see an orc warrior, a centaur and an orc.

Vanquished Creatures
  A hungry ghost (D:4)
  3 eyes of draining (D:4)
  A sky beast (D:6)
  2 ice beasts (D:5)
  An ogre (D:6)
  A centaur (D:4)
  2 bullfrogs (D:6)
  A gnoll sergeant (D:3)
  3 scorpions
  2 crimson imps (D:5)
  2 hounds
  2 iguanas (D:4)
  A hound zombie (D:5)
  2 gnolls (D:4)
  6 adders
  A shadow imp (D:5)
  An ooze (D:3)
  3 worms
  A dart slug (D:1)
  4 leopard geckos
  7 orcs
  4 giant cockroaches
  8 goblins
  4 hobgoblins
  12 jackals
  2 quokkas (D:3)
  2 ball pythons
  2 bats (D:1)
  3 frilled lizards
  7 kobolds
  6 rats
97 creatures vanquished.

Notes
Turn   | Place    | Note
-------+----------+-------------------------------------------
     0 | D:1      | Mrkan the Gargoyle Fighter began the quest for the Orb.
     0 | D:1      | Reached XP level 1. HP: 14/14 MP: 1/1
   285 | D:1      | Reached XP level 2. HP: 18/19 MP: 2/2
   973 | D:2      | Reached XP level 3. HP: 23/23 MP: 3/3
  1920 | D:3      | Reached skill level 3 in Maces & Flails
  1920 | D:3      | Reached XP level 4. HP: 29/29 MP: 4/4
  1940 | D:3      | Noticed Foic's ghost (amateur SDAK)
  1954 | D:3      | Found a runed translucent gate.
  1954 | D:3      | Found a runed translucent gate.
  1954 | D:3      | Found a runed translucent gate.
  2041 | D:3      | Found a faded altar of an unknown god.
  2048 | D:3      | Noticed a gnoll sergeant
  2055 | D:3      | Killed a gnoll sergeant
  2055 | D:3      | Reached XP level 5. HP: 28/33 MP: 5/5
  2743 | D:4      | Noticed a hungry ghost
  2772 | D:4      | Killed a hungry ghost
  2772 | D:4      | Reached skill level 4 in Maces & Flails
  2772 | D:4      | Reached XP level 6. HP: 36/39 MP: 6/6
  2877 | D:4      | Found a bloodstained altar of Trog.
  2877 | D:4      | Noticed an eye of draining
  2877 | D:4      | Noticed an eye of draining
  2878 | D:4      | Noticed an eye of draining
  2893 | D:4      | Killed an eye of draining
  2893 | D:4      | Reached XP level 7. HP: 44/44 MP: 0/7
  2898 | D:4      | Reached skill level 5 in Maces & Flails
  2898 | D:4      | Reached skill level 5 in Armour
  2898 | D:4      | Reached skill level 5 in Shields
  2904 | D:4      | Reached skill level 5 in Fighting
  3190 | D:4      | Reached XP level 8. HP: 49/49 MP: 8/8
  3249 | D:5      | Entered Level 5 of the Dungeon
  3258 | D:5      | Reached skill level 6 in Maces & Flails
  3782 | D:5      | Found a staircase to the Ecumenical Temple.
  4002 | D:5      | Found a shimmering blue altar of Sif Muna.
  4006 | D:5      | Found a hide-covered altar of Uskayaw.
  4230 | D:6      | Reached skill level 7 in Maces & Flails
  4260 | D:6      | Slain by an orc warrior

Skill      XL: |  1  2  3  4  5  6  7  8 |
---------------+-------------------------+-----
Maces & Flails | 3 4 5 7 |  7.0
Fighting       | 4 5 6 |  6.1
Armour         | 4 5 6 |  6.2
Shields        | 4 5 6 |  6.2

Action                   |  1- 3 |  4- 6 |  7- 9 || total
-------------------------+-------+-------+-------++-------
Melee: Flail             |    13 |       |       ||    13
       Whip              |   121 |   119 |   154 ||   394
  Eat: Chunk             |     3 |     3 |     6 ||    12
       Ration            |       |     2 |       ||     2
Armor: Scale mail        |    59 |    52 |    71 ||   182
Dodge: Dodged            |    46 |    23 |    25 ||    94
Block: Shield            |    77 |    26 |       ||   103
       Large shield      |       |    40 |   124 ||   164
